Porca puttana oddio, lawful female human Monk - ---- |}.| |..| ...|--- . |}.--|&.c@ #)#----- ---- ...-- |...|..| #--- ....----..#i.^|###|...%.| |..-- ------....---. .....|..| #..| ......||...|--1- |..%..# |...|-------.............. --.......----..-- -......-#..-- 1 ------# --..|....|.....}.......... ..}.............-- ---....!.#--- 3.323 ###..............}.....>...- |.}.[....../(....| ....._[%.| 22324 -..............}.........| |-}..............--.....%%..| 1 433`343 |...............}....%...-- |.}...............|--...%.--- 4424132234 ...............%}........| -.}..)...........^|-.%%)%.| 334 434424 -....................... ..................|....%..------ II33422I ........... ..........<.................|..| III`2 II .......... .............(......%..........| I ...*.... .....)/.....|......%).......|--- III ...... -......--#------..%........- I ----..| ## ---...|...--.. II --.- --...------ |.. .| |....| |..--- ---- Porca puttana oddio the Student of Waters Experience level: 15 Strength: 18/03 Dexterity: 17 Constitution: 17 Intelligence: 12 Wisdom: 18 Charisma: 10 Health: 83(86) Energy: 136(136) Def: 33 Gold: 4509 Moves: 19540 Dungeon seed: vxB64drk38kXA4Yy Game ID: Porca puttana oddio_1530287167 Your Inventory: Coins $ - 4509 gold pieces Amulets I - an uncursed amulet of reflection (being worn) T - an uncursed amulet of ESP Weapons k - 12 uncursed +0 shuriken (in quiver) C - 3 blessed +10 daggers named Dagger of Omen Armor n - a blessed +4 robe (being worn) q - a blessed +4 shield of reflection (being worn) r - a blessed greased +3 pair of kicking boots (being worn) y - a blessed greased +4 dwarvish iron helm (being worn) Y - a blessed +3 T-shirt (being worn) Rings d - an uncursed ring of polymorph control f - a cursed ring of see invisible w - an uncursed ring of polymorph control E - an uncursed ring of free action (on left hand) S - an uncursed ring of conflict (on right hand) V - a cursed -1 ring of stealth Wands a - an uncursed wand of fire (0:8) e - an uncursed wand of polymorph (0:6) i - an uncursed wand of secret door detection (0:13) j - an uncursed wand of create monster (0:10) l - an uncursed wand of fire (0:8) s - an uncursed wand of cold (0:6) u - an uncursed wand of create monster (0:15) v - an uncursed wand of cancellation (0:0) x - an uncursed wand of polymorph (0:3) A - an uncursed wand of light (0:11) D - a blessed wand of digging (0:6) F - an uncursed wand of cancellation (0:7) G - an uncursed wand of opening (0:7) J - an uncursed wand of death (0:5) L - an uncursed wand of speed monster (0:2) N - an uncursed wand of speed monster (0:4) O - an uncursed wand of teleportation (0:5) Q - an uncursed wand of digging (0:4) R - an uncursed wand of probing (0:4) U - an uncursed wand of enlightenment (0:3) X - an uncursed wand of digging (0:4) Z - an uncursed wand of fire (0:4) Tools b - a blessed bag of holding c - an uncursed stethoscope o - an uncursed skeleton key t - a blessed magic lamp named La luce UNO (lit) z - a cursed magic lamp named La luce DUE B - an uncursed magic marker (0:0) K - a cursed magic lamp named La stupida luce TRE M - an uncursed magic marker (0:26) P - an uncursed +0 unicorn horn Gems g - a blessed luckstone h - an uncursed emerald Contents of the bag of holding: a [blessed] [amulet versus poison] an uncursed amulet of magical breathing an uncursed +0 cloak of displacement an uncursed +0 pair of gauntlets of dexterity an uncursed -1 pair of levitation boots 4 uncursed apples 4 uncursed fortune cookies a [uncursed] lizard corpse 3 [uncursed] lumps of royal jelly a [uncursed] melon 5 uncursed oranges a [uncursed] sprig of wolfsbane 6 [uncursed] tripe rations a [uncursed] scroll [of earth] labeled PRATYAVAYAH called earth a [uncursed] scroll of confuse monster 4 [uncursed] scrolls of create monster a cursed scroll of destroy armor a blessed scroll of gold detection an uncursed scroll of gold detection a [blessed] scroll of light a blessed scroll of remove curse a blessed scroll of teleportation 6 uncursed scrolls of teleportation a [cursed] scroll of teleportation 6 uncursed unlabeled scroll [of blank paper]'s a cursed unlabeled scroll [of blank paper] a [uncursed] potion of confusion a [uncursed] potion of extra healing a [blessed] potion of extra healing 2 uncursed potions of full healing a cursed potion of full healing 2 [uncursed] potions of healing 3 potions of holy water a blessed potion of monster detection a blessed potion of object detection an uncursed potion of paralysis a cursed -1 ring of adornment an uncursed +1 ring of gain strength an uncursed ring of hunger a cursed -1 ring of increase damage an uncursed ring of levitation an uncursed +2 ring of protection an uncursed ring of regeneration an uncursed ring of shock resistance an uncursed ring of sustain ability an uncursed ring of teleport control a cursed ring of teleportation a [uncursed] wand of create monster [0:11] a [uncursed] wand of create monster [0:11] a [uncursed] wand of create monster [0:13] a [uncursed] wand of death [0:7] an uncursed wand of digging (0:0) an uncursed wand of enlightenment (0:3) a [uncursed] wand of light [0:13] a [uncursed] wand of lightning [0:0] a [blessed] wand of make invisible [0:7] a [uncursed] wand of make invisible [0:6] an uncursed wand of nothing (0:7) a [uncursed] wand of polymorph [0:0] a [uncursed] wand of polymorph [0:6] an uncursed wand of probing (0:7) a [uncursed] wand of secret door detection [0:13] a [blessed] wand of secret door detection [0:13] a [uncursed] wand of sleep [0:6] a [uncursed] wand of slow monster [0:5] a [uncursed] wand of slow monster [0:5] a [uncursed] wand of speed monster [0:4] an uncursed wand of striking (0:2) a [uncursed] wand of striking [0:5] an uncursed wand of teleportation (0:4) a [uncursed] wand of teleportation [0:5] an uncursed wand of undead turning (0:5) an uncursed lock pick an uncursed oil lamp (0:1355) a [blessed] tallow candle [0:200] 6 [uncursed] tallow candles [0:200] an uncursed flint 2 uncursed touchstones Spells and supernatural/magical abilities: Name Level Category Fail Memory a - force bolt 1 attack 63% 90% c - cause fear 3 enchantment 95% 91% d - dig 2 matter 64% 89% f - fireball 4 attack 71% 91% h - healing 1 healing 58% 3% i - invisibility 4 escape 96% 74% j - jumping 1 escape 63% 91% k - knock 1 matter 63% 91% l - light 1 divination 63% 72% m - magic missile 2 attack 63% 86% n - detect monsters 1 divination 63% 89% s - slow monster 1 enchantment 63% 89% u - confuse monster 2 enchantment 64% 90% w - wizard lock 2 matter 64% 86% z - sleep 2 enchantment 64% 44% A - create familiar 6 clerical 96% 90% B - cure blindness 2 healing 58% 80% G - detect treasure 4 divination 96% 89% K - cure sickness 3 healing 58% 45% L - levitation 4 escape 96% 85% R - restore ability 4 healing 24% 91% T - turn undead 4 clerical 96% 65% W - pray for help -- divine ? -- Your skills at the end: Miscellaneous Skills martial arts [Grand Master] shield [Basic] wands [Skilled] stealth [Skilled] Weapon Skills shuriken [Basic] Spellcasting Skills attack spells [Basic] healing spells [Basic] Final Attributes: You were piously aligned. You were fire resistant. You were cold resistant. You were sleep resistant. You were shock resistant. You were poison resistant. Your writing hand was cramped from overuse. You saw invisible. You were warned. You had automatic searching. You were stealthy. You caused conflict. You were protected. You were fast. You had reflection. You had free action. You were lucky. You had extra luck. Good luck did not time out for you. You are dead. Vanquished creatures: Juiblex Medusa an iron golem a master lich a red dragon 2 blue dragons a green dragon a yellow dragon a storm giant a titan 4 glass golems 3 balrogs a purple worm 6 minotaurs 2 jabberwocks 2 baluchitheria a young orange dragon a young black dragon a young yellow dragon a demilich a master mind flayer 4 Olog-hai 3 pit fiends 10 sandestins a hell hound a titanothere 2 trappers 2 gryphons 6 disenchanters 9 vampire lords 3 skeletons 3 captains 5 liches 4 nurses 3 ice devils 3 nalfeshnees 2 frost giants 2 black puddings 11 vampires 21 ghosts 2 lieutenants a tourist a wizard a queen bee 3 winged gargoyles 2 mind flayers 2 giant mimics 4 fire giants 3 ogre kings 4 rock trolls 2 umber hulks 3 flesh golems 9 doppelgangers 14 hezrous 8 bone devils a salamander 2 large mimics 7 stalkers 2 fire elementals 9 earth elementals a water elemental 3 giant mummies 10 elf-lords 5 xorns 7 giant zombies 6 vrocks 3 wargs 3 quantum mechanics 4 small mimics 2 island nymphs 3 glass piercers 5 warhorses a steam vortex 9 xans a baby gryphon an ettin mummy an ogre lord 6 trolls a sasquatch a wood golem 5 mariliths a djinni 2 pyrolisks 6 large dogs 2 freezing spheres 5 flaming spheres 5 shocking spheres 2 large cats 4 tigers 4 gargoyles 2 gelatinous cubes 11 ochre jellies 5 chameleons a leocrotta an energy vortex a mountain centaur 2 giants 2 elf mummies 2 human mummies 2 red nagas 8 Grey-elves a pit viper a python 2 cobras 36 wraiths 5 ettin zombies 4 soldiers a succubus 14 incubi 7 giant beetles a cockatrice 5 wolves 3 winter wolf cubs 3 black lights a lynx 3 panthers 3 gremlins 48 leprechauns 2 quivering blobs 7 lizards 3 orc-captains 2 mumakil 4 giant spiders 5 scorpions 3 iron piercers 5 horses an ice vortex 5 vampire bats 2 forest centaurs 5 gnome kings 3 orc mummies 4 dwarf mummies 2 brown puddings 8 Green-elves 3 rust monsters 3 owlbears 2 yetis a gold golem 5 werewolves a dog 2 dingos 3 housecats 2 jaguars 2 dwarf lords a gray unicorn 4 black unicorns 5 dust vortices 4 ravens 2 plains centaurs a gnome mummy 8 Woodland-elves 4 snakes 4 water moccasins 5 apes 23 human zombies 2 rope golems 11 soldier ants 4 fire ants 7 yellow lights 6 bugbears 3 imps 4 wood nymphs 3 orc shamans 5 rock moles 2 rock piercers 3 ponies a fog cloud 3 shriekers 5 violet fungi 18 gnome lords 8 gnomish wizards 3 kobold mummies 3 red naga hatchlings a golden naga hatchling 2 guardian naga hatchlings 7 gray oozes 2 barrow wights 13 elf zombies 10 ghouls 4 straw golems 6 paper golems 7 giant ants 6 puppies 5 floating eyes a kitten 5 dwarves a homunculus 5 kobold lords 4 kobold shamans 5 iguanas 2 hill orcs 4 rothes 2 rabid rats 3 centipedes 3 jitterbugs 4 giant bats a monkey 11 orc zombies 17 dwarf zombies 3 werejackals 62 killer bees 3 coyotes 2 gas spores 2 hobbits an acid blob 3 geckos 12 hobgoblins 19 giant rats 4 cave spiders 3 brown molds 2 yellow molds a green mold 3 red molds 54 gnomes 4 garter snakes 2 manes 11 gnome zombies 14 jackals 2 foxes 3 kobolds 10 newts 6 goblins 20 sewer rats 13 grid bugs 6 bats 11 lichens 15 kobold zombies 4 humans 1156 creatures vanquished. Voluntary challenges: You were vegetarian. You had followed a strict vegan diet until turn 18751. You were not invisible. You were not displaced. You never hit with a wielded weapon. You did not use sinks. You read items or engraved 251 times, starting on turn 256. You never genocided any monsters. You polymorphed 75 items, starting on turn 14455. You changed form 1 time, starting on turn 6602. You completed Sokoban on turn 4533, according to the rules. You used no wishes. You never split a pudding. You wrote Elbereth's name 2 times, starting on turn 691. You violated your moral code, losing 8 points of alignment, starting on turn 6067. Dungeon overview: The Dungeons of Doom: levels 1 to 30 Level 1 a fountain a long staircase Level 2 a fountain stairs to The Gnomish Mines Level 3 (T) Level 4 an altar to Shan Lai Ching, a fountain Level 5 many fountains Level 6 an altar to Shan Lai Ching stairs to Sokoban Level 7 a general store, a sink Level 8 a general store, some fountains Level 9 an altar to Huan Ti, some fountains Level 10 a fountain Level 11 a fountain portal to The Quest Level 12 Level 13 a sink Level 14 a fountain Level 15 a temple to Shan Lai Ching, a fountain Level 16 Level 17 a throne Level 18 Level 19 a fountain, a sink Level 20 a fountain Level 21 a temple to Chih Sung-tzu, some sinks Level 22 a fountain Level 23 (throne) Level 24 Level 25 Level 26 Level 27 Level 28 Level 29 Level 30 (food left) an altar to Shan Lai Ching, a magic chest, many sinks, many benchs Gehennom: levels 31 to 37 Level 31 a temple to Moloch, a magic chest stairs to The Dungeons of Doom Level 32 Level 33 <- You were here Level 34 Level 35 Level 36 Level 37 The Gnomish Mines: levels 3 to 10 Level 3 stairs to The Dungeons of Doom Level 4 Level 5 many shops, a temple to Huan Ti, a magic chest, some fountains Level 6 Level 7 Level 8 Level 9 Level 10 The Quest: Level 1 a temple to Moloch, a magic chest portal to The Dungeons of Doom Sokoban: levels 2 to 5 Level 2 a magic chest Level 3 a delicatessen, a magic chest Level 4 Level 5 a magic chest stairs to The Dungeons of Doom History has recorded: On T:1 you entered the Dungeons of Doom to retrieve the Amulet of Yendor! On T:190 you reached level 2 of The Dungeons of Doom. On T:259 you reached level 1 of The Gnomish Mines. On T:268 you reached level 3 of The Dungeons of Doom. On T:291 you advanced to experience level 2. On T:371 you reached level 4 of The Dungeons of Doom. On T:380 you reached level 5 of The Dungeons of Doom. On T:401 you advanced to experience level 3. On T:582 you advanced to experience level 4. On T:625 you reached level 2 of The Gnomish Mines. On T:639 you advanced to experience level 5. On T:663 you reached level 3 of The Gnomish Mines. On T:802 you opened a magic chest. On T:805 you entered the Minetown temple On T:868 you advanced to experience level 6. On T:2424 you reached level 6 of The Dungeons of Doom. On T:2501 you reached level 4 of Sokoban. On T:2519 you advanced to experience level 7. On T:2745 you reached level 3 of Sokoban. On T:3055 you reached level 2 of Sokoban. On T:3458 you reached level 1 of Sokoban. On T:4533 you advanced to experience level 8. On T:4533 you entered the Sokoban zoo. On T:5034 you prayed to Shan Lai Ching. On T:6295 you reached level 4 of The Gnomish Mines. On T:6420 you reached level 5 of The Gnomish Mines. On T:6584 you reached level 6 of The Gnomish Mines. On T:6715 you reached level 7 of The Gnomish Mines. On T:6764 you advanced to experience level 9. On T:6825 you reached level 8 of The Gnomish Mines. On T:6825 you reached the bottom of the Mines. On T:7679 you prayed to Shan Lai Ching. On T:8256 you reached level 7 of The Dungeons of Doom. On T:8422 you reached level 8 of The Dungeons of Doom. On T:8569 you reached level 9 of The Dungeons of Doom. On T:9321 you reached level 10 of The Dungeons of Doom. On T:9544 you reached level 11 of The Dungeons of Doom. On T:9614 you advanced to experience level 10. On T:9777 you reached level 1 of The Quest. On T:9850 you reached level 12 of The Dungeons of Doom. On T:10021 you reached level 13 of The Dungeons of Doom. On T:10955 you reached level 14 of The Dungeons of Doom. On T:11085 you reached level 15 of The Dungeons of Doom. On T:11256 you reached level 16 of The Dungeons of Doom. On T:11271 you prayed to Shan Lai Ching. On T:11284 you advanced to experience level 11. On T:11425 you reached level 17 of The Dungeons of Doom. On T:11668 you reached level 18 of The Dungeons of Doom. On T:11668 you entered the Rogue tribute level. On T:11753 you reached level 19 of The Dungeons of Doom. On T:11966 you reached level 20 of The Dungeons of Doom. On T:12105 you reached level 21 of The Dungeons of Doom. On T:12201 you reached level 22 of The Dungeons of Doom. On T:12290 you reached level 23 of The Dungeons of Doom. On T:12367 you reached level 24 of The Dungeons of Doom. On T:12428 you killed Medusa on level 24 of The Dungeons of Doom. On T:12440 you reached level 25 of The Dungeons of Doom. On T:13261 you reached level 26 of The Dungeons of Doom. On T:13308 you advanced to experience level 12. On T:13310 you advanced to experience level 13. On T:13311 you advanced to experience level 14. On T:13322 you reached level 27 of The Dungeons of Doom. On T:14029 you reached level 28 of The Dungeons of Doom. On T:14423 you prayed to Shan Lai Ching. On T:16448 you reached level 29 of The Dungeons of Doom. On T:16661 you advanced to experience level 15. On T:16703 you reached The Castle. On T:17174 you reached The Valley of the Dead. On T:17409 you advanced to experience level 16. On T:17577 you prayed to Shan Lai Ching. On T:18301 you reached level 2 of Gehennom. On T:18490 you reached level 3 of Gehennom. On T:18924 you reached level 6 of Gehennom. On T:18963 you reached level 7 of Gehennom. On T:19070 you reached level 5 of Gehennom. On T:19274 you killed Juiblex on level 5 of Gehennom. On T:19317 you reached level 4 of Gehennom. Score breakdown: Gold: 4509 ( 450 points) Experience: 15 levels ( 1400 points) Exploration: 37 levels ( 1080 points) Discoveries: 134 items ( 2000 points) Variety of kills: 228 monsters ( 2000 points) Major goal: Sokoban/Mines ( 1500 points) Survival: died (score multiplied by 3) Total score: 25290 Latest messages: You feel that monsters are aware of your presence. You feel agile! You must have been working on your reflexes. You feel tough! You must be leading a healthy life-style. You put a scroll of confuse monster into the bag of holding. You are now wearing a ring of conflict. The barrow wight wields a long sword! The long sword welds itself to the barrow wight's claw! The barrow wight points at you, then curses. The barrow wight misses. You destroy the barrow wight! There are a few objects here. You hear some noises. You feel that monsters are aware of your presence. You strike the cockatrice! You turn to stone... Final status: Goodbye Porca puttana oddio the Monk, petrified by punching a cockatrice barehanded... You turned to stone in Gehennom on dungeon level 33 with 25290 points, and 4509 pieces of gold, after 19540 moves. You were level 15 with a maximum of 86 hit points when you turned to stone.